 Dungeon Crawl Stone Soup version 0.30-a0-718-geaa24f58ff (webtiles) character file.

Game seed: 7530273897453796710

7326 Shayle the Covert (level 11, -3/93 HPs)
             Began as a Tengu Brigand on Jan 25, 2023.
             Was a Believer of Hepliaklqana.
             Slain by an orc warrior
             ... wielding a +0 battleaxe
              (12 damage)
             ... in a bailey.
             The game lasted 00:33:44 (9332 turns).

Shayle the Covert (Tengu Brigand)                   Turns: 9332, Time: 00:33:44

Health: -3/93      AC: 25    Str: 11    XL:     11   Next: 13%
Magic:  17/17      EV:  2    Int: 15    God:    Hepliaklqana [**....]
Gold:   663        SH:  5    Dex: 23    Spells: 3/10 levels left

rFire   . . .      SeeInvis .    z - +0 rapier (heavy)
rCold   . . .      Faith    .    (no shield)
rNeg    + . .      Spirit   .    (body armour currently unavailable)
rPois   +          Reflect  +    (helmet currently unavailable)
rElec   .          Harm     .    (cloak currently unavailable)
rCorr   .          Rampage  .    (gloves currently unavailable)
Will    +....      NoTele   +    (boots unavailable)
Stlth   +++++                    B - amulet of reflection
HPRegen 0.35/turn                y - ring of positive energy
MPRegen 0.15/turn                K - +6 ring of dexterity

@: tree-form, attractive
A: stationary, stasis, torment immunity, boosted hp, reduced essence, (beak),
(talons 3), nimble flight, (iridescent scales 1), strong-willed 1
a: Renounce Religion, Recall Ancestor, Ancestor Identity


You were in a bailey.
You worshipped Hepliaklqana.
Hepliaklqana was pleased with you.
You were a tree.
You visited 2 branches of the dungeon, and saw 11 of its levels.
You also visited: Bailey.

You collected 663 gold pieces.

Inventory:

Hand Weapons
 a - a +2 dagger of draining
 o - a +2 whip of freezing
 z - a +0 heavy rapier (weapon)
 F - a +2 morningstar of distortion
Missiles
 d - 34 poisoned darts
 e - 3 curare-tipped darts (quivered)
 k - 6 javelins
Armour
 b - a +0 robe
 c - a +1 cloak (melded)
 j - a +3 leather armour of poison resistance (melded)
 C - a +1 pair of gloves (melded)
 G - a scarf of resistance
Jewellery
 y - a ring of positive energy (left branch)
 A - an amulet of magic regeneration
 B - an amulet of reflection (around neck)
 E - a ring of willpower
 J - an amulet of regeneration
 K - a +6 ring of dexterity (right branch)
Wands
 i - a wand of digging (5)
 t - a wand of flame (6)
Scrolls
 n - a scroll of enchant weapon
 s - 7 scrolls of teleportation
 H - a scroll of poison
 I - 3 scrolls of blinking
 L - a scroll of noise
 M - 2 scrolls of enchant armour
Potions
 f - 2 potions of lignification
 g - a potion of curing
 h - a potion of ambrosia
 l - a potion of heal wounds {unknown}
 m - a potion of mutation
 p - 3 potions of magic
 q - a potion of brilliance {unknown}
 r - a potion of degeneration {unknown}
 u - 3 potions of haste
 v - a potion of attraction
 x - a potion of cancellation {unknown}
 N - a potion of experience {unknown}


   Skills:
 + Level 8.6 Fighting
 - Level 2.1 Short Blades
 - Level 2.0 Throwing
 + Level 9.1 Dodging
 - Level 9.9 Stealth
 + Level 0.0 Spellcasting
 - Level 3.0 Necromancy
 + Level 0.0 Air Magic
 + Level 7.6 Invocations


You had 3 spell levels left.
You knew the following spells:

 Your Spells              Type           Power      Damage    Failure   Level
a - Vampiric Draining     Necr           9%         2d6       24%         3
b - Airstrike             Air            0%         2d(0-16)  95%         4

Your spell library contained the following spells:

 Spells                   Type           Power      Damage    Failure   Level
 Necrotise                Necr           36%        1d5       8%          1
 Foxfire                  Conj/Fire      0%         2x1d4     26%         1
 Shock                    Conj/Air       0%         1d3       26%         1
 Swiftness                Air            0%         N/A       63%         3
 Agony                    Necr           9%         N/A       91%         5
 Fireball                 Conj/Fire      0%         3d3       100%        5
 Starburst                Conj/Fire      0%         6d3       100%        6


Dungeon Overview and Level Annotations

Branches:
Dungeon (10/15)            Temple (1/1) D:6          Bailey (1/1)
   Lair: D:8-11         Orc: D:9-12

Altars:
Ashenzari
Cheibriados
Dithmenos
Elyvilon
Fedhas
Gozag
Hepliaklqana
Makhleb
Nemelex Xobeh
Okawaru
Qazlal
Ru
Sif Muna
Trog
Uskayaw
Vehumet
Wu Jian
Xom
Yredelemnul
Zin
The Shining One

Shops:
D:4 [


Innate Abilities, Weirdness & Mutations

You are a tree.
Your roots penetrate the ground, keeping you stationary.
You cannot be teleported.
You are immune to unholy pain and torment.
Your maximum health is greatly increased.
Your equipment is partially melded.
Your life essence is reduced to manifest your ancestor. (-10% HP)
((You have a beak for a mouth.))
((You have claws for feet.))
Your magical nature lets you fly swiftly and evasively.
((You are partially covered in iridescent scales. (AC +2)))
You are strong-willed. (Will+)


Message History

The orc warrior cheers loudly.
The orc warrior misses you. The gnoll misses you.
You block the orc warrior's attack. The hobgoblin completely misses you.
The orc warrior hits you with a +0 war axe!
Really quaff the potion of lignification?
You turn into a tree.
Your +1 cloak melds into your body.
Your +1 pair of gloves melds into your body.
Your +3 leather armour of poison resistance melds into your body.
You no longer feel resistant to poison.
Your roots penetrate the ground.
The hobgoblin hits you with a +0 hand axe.
You block the orc warrior's attack. You block the gnoll's attack.
The orc warrior hits you with a +0 battleaxe.
You closely miss the orc warrior.
The orc warrior is moderately wounded.
The hobgoblin hits you with a +0 hand axe.
The gnoll hits you but does no damage.
The orc warrior hits you with a +0 war axe.
The orc warrior hits you with a +0 battleaxe.
The gnoll hits you with a +0 hand axe.
The orc warrior hits you but does no damage.
The orc warrior hits you with a +0 battleaxe!
* * * LOW HITPOINT WARNING * * *
You block the hobgoblin's attack. The gnoll hits you but does no damage.
It was a potion of mutation.
You feel extremely strange.
Iridescent scales grow over part of your body.
You feel strong-willed. You block the hobgoblin's attack.
The gnoll hits you but does no damage.
The orc warrior hits you with a +0 war axe.
* * * LOW HITPOINT WARNING * * *
You block the gnoll's attack.
The orc warrior hits you with a +0 battleaxe!
* * * LOW HITPOINT WARNING * * *
It was a potion of attraction.
You feel attractive to monsters. You block the hobgoblin's attack.
The gnoll hits you but does no damage.
The orc warrior hits you but does no damage.
The gnoll hits you with a +0 hand axe.
* * * LOW HITPOINT WARNING * * *
The orc warrior hits you with a +0 battleaxe!
You die...

#######.....⌠.....#******
##.....##.........##,,,,,**
#...)..)'..)......+,,,,,,,*
##...)..)##.).....##,,,,,,,**
#.........#.......#,,,,,,,,,*
##.........##..)..##,,,,,,,,,*
#.....⌠.....#######,,,,,⌠,,,,,
##.........##o....##,,,,,,,,,*
#.........#:♣g..$}#,,,,,,,,,*
##.......##ggo....##,,,,,,,**
#.......#.........#,,,,,,,*
##.....##.........##,,,,,**
##'####...........#***'**
##)))..##.........#*,,,,,**
#.......#.........#,,,,,,,*
##.......##.......##,,,,,,,**
#.........#...).g.#,,,,,,,,,*


You could see 2 orc warriors, 2 gnolls and a hobgoblin.

Vanquished Creatures
  2 two-headed ogres
  Pikel (D:7)
  An orc knight (Bailey)
  A deep elf zephyrmancer (D:9)
  Sigmund (D:4)
  Eustachio (D:4)
  2 wyverns
  A water moccasin (Temple)
  7 orc warriors
  2 sky beasts
  A black bear (D:5)
  An ice beast (D:8)
  2 ogres (D:5)
  A kobold brigand (D:8)
  2 bullfrogs
  A gnoll sergeant (D:10)
  3 necrophages
  3 scorpions
  9 wights
  A howler monkey (D:5)
  7 orc priests
  4 hounds
  A gnoll bouda (D:10)
  An iguana (D:4)
  Ijyb (D:4)
  6 orc wizards
  20 gnolls
  13 adders
  A shadow imp (D:5)
  2 white imps
  3 ufetubi
  5 dart slugs
  3 worms (D:3)
  31 orcs
  8 ball pythons
  4 endoplasms
  5 giant cockroaches
  8 goblins
  16 hobgoblins
  A jackal (D:10)
  3 quokkas
  2 bats
  5 frilled lizards
  11 kobolds
  6 rats
210 creatures vanquished.

Vanquished Creatures (collateral kills)
  A water moccasin (D:9)
  2 orc warriors (Bailey)
  A centaur (D:9)
  A bullfrog (D:8)
  A gnoll sergeant (D:10)
  2 wights
  A howler monkey (D:8)
  A hound (D:10)
  3 orc priests
  4 gnolls
  2 orcs
  A hobgoblin (Bailey)
  2 goblins (Bailey)
  4 kobolds (D:8)
26 creatures vanquished.

Vanquished Creatures (others)
  4 hexers
  An ancestor (D:8)
5 creatures vanquished.

Grand Total: 241 creatures vanquished

Notes
Turn   | Place    | Note
-------+----------+-------------------------------------------
     0 | D:1      | Shayle the Tengu Brigand began the quest for the Orb.
     0 | D:1      | Reached XP level 1. HP: 12/12 MP: 2/2
   201 | D:1      | You fall into a shaft and drop 1 floor!
   214 | D:2      | Reached XP level 2. HP: 17/18 MP: 3/3
   699 | D:1      | Reached XP level 3. HP: 21/22 MP: 4/4
  1158 | D:3      | Found an iron altar of Okawaru.
  1272 | D:3      | Reached XP level 4. HP: 9/27 MP: 5/5
  2109 | D:4      | Noticed a scorpion
  2132 | D:4      | Noticed Eustachio
  2133 | D:4      | Found a broken altar of Ashenzari.
  2177 | D:4      | Killed Eustachio
  2178 | D:4      | Reached skill level 5 in Stealth
  2178 | D:4      | Gained mutation: Your magical nature lets you fly swiftly
                  | and evasively. [Tengu growth]
  2178 | D:4      | Reached XP level 5. HP: 9/33 MP: 6/6
  2178 | D:4      | Reached XP level 6. HP: 11/38 MP: 7/7
  2294 | D:4      | Noticed Ijyb
  2306 | D:4      | Killed Ijyb
  2859 | D:4      | Found Soraepn's Armour Boutique.
  2911 | D:4      | Reached XP level 7. HP: 44/44 MP: 8/8
  2945 | D:4      | Noticed Sigmund
  3169 | D:4      | Killed Sigmund
  3170 | D:4      | Reached skill level 5 in Fighting
  3170 | D:4      | Reached skill level 5 in Dodging
  3653 | D:5      | Entered Level 5 of the Dungeon
  3749 | D:5      | Found a radiant altar of Vehumet.
  3751 | D:5      | Found a stormy altar of Qazlal.
  3765 | D:5      | Upgraded the game from 0.30-a0-715-gdb4ae3ece1 to
                  | 0.30-a0-718-geaa24f58ff
  3769 | D:5      | Learned a level 3 spell: Vampiric Draining
  3822 | D:5      | Reached XP level 8. HP: 50/50 MP: 9/9
  3876 | D:5      | Reached skill level 1 in Necromancy
  4375 | D:6      | Found a staircase to the Ecumenical Temple.
  4382 | Temple   | Entered the Ecumenical Temple
  4467 | Temple   | Became a worshipper of Hepliaklqana the Forgotten
  4688 | D:6      | Reached skill level 1 in Invocations
  4833 | D:6      | Reached XP level 9. HP: 54/56 MP: 11/11
  4848 | D:6      | Found a bloodstained altar of Trog.
  5169 | D:7      | Noticed Pikel
  5188 | D:7      | Killed Pikel
  5944 | D:7      | Reached * piety under Hepliaklqana
  7397 | D:8      | Noticed a two-headed ogre
  7416 | D:8      | Killed a two-headed ogre
  7417 | D:8      | Reached skill level 5 in Invocations
  7417 | D:8      | Reached XP level 10. HP: 56/56 MP: 13/15
  7553 | D:8      | Found a sparkling altar of Nemelex Xobeh.
  7712 | D:8      | Reached ** piety under Hepliaklqana
  7713 | D:8      | Remembered your ancestor Octavia as a hexer
  8210 | D:9      | Found a sacrificial altar of Ru.
  8628 | D:9      | Noticed a deep elf zephyrmancer
  8632 | D:9      | Killed a deep elf zephyrmancer
  8788 | D:10     | Entered Level 10 of the Dungeon
  8788 | D:10     | Noticed a two-headed ogre
  8904 | D:10     | Noticed a two-headed ogre
  8910 | D:10     | Killed a two-headed ogre
  8962 | D:10     | Found a flagged portal.
  8973 | Bailey   | Entered a bailey
  9092 | Bailey   | Noticed an orc knight
  9094 | Bailey   | Reached XP level 11. HP: 35/62 MP: 17/17
  9102 | Bailey   | Killed an orc knight
  9269 | Bailey   | Learned a level 4 spell: Airstrike
  9276 | Bailey   | Noticed an orc warlord
  9331 | Bailey   | Gained mutation: You are partially covered in iridescent
                  | scales. (AC +2) [potion of mutation]
  9331 | Bailey   | Gained mutation: You are strong-willed. (Will+) [potion of
                  | mutation]
  9332 | Bailey   | Slain by an orc warrior

Illustrated notes

Levels and vault maps discovered:
D:1:      lightli_arrival_lavapool, layout_basic, minmay_misc_feat_five,
          st_stairs_5, reono_crystal_passage, nicolae_kite_square_tiling_tiny
D:2:      layout_rooms
D:3:      layout_loops_cross, okawaru_metal_pillars_1_2,
          chequers_serial_rivers_small_a, minmay_quadrilaterals
D:4:      wad_river_or_something, layout_basic,
          mainiacjoe_overflow_cross_hatched, minmay_shop_grid_forest, uniq_ijyb,
          uniq_sigmund, uniq_eustachio
D:5:      layout_cave_pools, mainiacjoe_overflow_catwalk_spiral
D:6:      layout_basic, bloody_trog, minmay_temple_entry_wispy
D:7:      layout_cave_pods, uniq_pikel
D:8:      layout_layer_cave, nemelex_spade_bored_becter
D:9:      layout_cave_pools, nicolae_ru_path_of_blood, guppyfry_early_elven_hall
D:10:     layout_big_octagon, nicolae_kikubaaqudgha_miasma_corner,
          david_lair_shrubbed, serial_gnoll_camp, gnoll_camp_mini_shop,
          gnoll_camp_medium_01, grums_kennel, gnoll_camp_huts_basic,
          gnoll_camp_mini_basic, gnoll_camp_mini_hut, enter_bailey_6,
          chequers_serial_rivers_small_b
Temple:   zaba_magenta_temple
Bailey:   bailey_axe_minmay_hex_keep, bailey

Skill      XL: |  1  2  3  4  5  6  7  8  9 10 11 |
---------------+----------------------------------+-----
Dodging        | 2 3 4 5 6 8 9 |  9.1
Fighting       | 3 4 5 6 7 8 |  8.6
Stealth        | 5 6 7 8 9 |  9.9
Necromancy     | 3 |  3.0
Invocations    | 1 5 7 |  7.6
Short Blades   | |  2.1
Throwing       | |  2.0

Action                     |  1- 3 |  4- 6 |  7- 9 | 10-12 || total
---------------------------+-------+-------+-------+-------++-------
  Melee: Dagger            |    82 |    69 |       |       ||   151
         Peck              |    14 |    16 |    50 |    28 ||   108
         Kick              |    16 |    24 |    79 |    59 ||   178
         Rapier            |       |    37 |   253 |   148 ||   438
         Punch             |       |       |     3 |     2 ||     5
  Throw: Dart              |     6 |    14 |    12 |     4 ||    36
   Cast: Vampiric Draining |       |       |       |     5 ||     5
 Invoke: Recall Ancestor   |       |       |     1 |     1 ||     2
         Ancestor Life: He |       |       |       |     1 ||     1
  Evoke: Wand              |       |       |     6 |    13 ||    19
    Use: Scroll            |       |    15 |     2 |    10 ||    27
         Potion            |       |     3 |     1 |     6 ||    10
   Stab: Sleeping          |     6 |     9 |    10 |     2 ||    27
         Invisible         |       |     3 |       |     3 ||     6
         Distracted        |       |       |     2 |     1 ||     3
         Confused          |       |       |       |     5 ||     5
 Armour: Robe              |    16 |    24 |       |       ||    40
         Leather armour    |       |    10 |    81 |    31 ||   122
         Skin              |       |       |       |     6 ||     6
  Dodge: Dodged            |    45 |    82 |   287 |   170 ||   584
  Block: Other             |       |       |    43 |    50 ||    93
         Reflection        |       |       |       |     1 ||     1

Table legend: (Time is in decaauts)
 A = Elapsed time spent in this place.
 B = Non-inter-level travel time spent in this place.
 C = Inter-level travel time spent in this place.
 D = Time resting spent in this place.
 E = Time spent auto-exploring this place.
 F = Levels seen in this place.
 G = Mean time per level.
                   A        B        C        D        E       F      G
               +--------+--------+--------+--------+--------+-----+--------+
         Total |   9086 |   8786 |    300 |   1133 |   4837 |  12 |  757.2 |
       Dungeon |   8579 |   8297 |    282 |    990 |   4792 |  10 |  857.9 |
        Temple |    119 |    101 |     18 |     23 |     45 |   1 |  119.0 |
        Bailey |    387 |    387 |      0 |    120 |      0 |   1 |  387.0 |
               +--------+--------+--------+--------+--------+-----+--------+

Top non-repeatable levels by time:
     D:4: 1557 daAuts
     D:7: 1501 daAuts
     D:8: 1220 daAuts
     D:3: 945 daAuts
     D:9: 789 daAuts
     D:1: 759 daAuts
     D:6: 723 daAuts
     D:5: 532 daAuts
     D:2: 389 daAuts
  Bailey: 387 daAuts
    D:10: 159 daAuts
  Temple: 119 daAuts
